 Dungeon Crawl Stone Soup version 0.22-a0-223-g0f5d773 (webtiles) character file.

59 Gorglomux the Ruffian (level 3, 0/37 HPs)
             Began as a Troll Chaos Knight on Feb 18, 2018.
             Slain by a hellwing (5 damage)
             ... summoned by Xom
             ... on level 2 of the Dungeon.
             The game lasted 00:01:33 (685 turns).

Gorglomux the Ruffian (Troll Chaos Knight)           Turns: 685, Time: 00:01:47

Health: 0/37       AC:  7    Str: 21    XL:     3   Next: 78%
Magic:  2/2        EV: 10    Int:  8    God:
Gold:   72         SH:  3    Dex: 11    Spells: 2/2 levels left

rFire    + . .     SeeInvis .     - Unarmed
rCold    . . .     Gourm    +   (no shield)
rNeg     . . .     Faith    .   a - +2 robe
rPois    .         Spirit   .   (helmet restricted)
rElec    .         Reflect  +   (no cloak)
rCorr    .         Harm     .   (gloves unavailable)
MR       .....                  (boots unavailable)
Stlth    +.........             m - +3 amulet of reflection
HPRegen  0.52/turn              f - ring of protection from fire
MPRegen  0.08/turn              h - +2 ring of dexterity

@: no status effects
A: large, unfitting armour, claws 3, fast metabolism 3, gourmand, regeneration
1, shaggy fur 1, tough skin 2
a: no special abilities


You were on level 2 of the Dungeon.
You were very full.

You visited 1 branch of the dungeon, and saw 2 of its levels.

You collected 72 gold pieces.

Inventory:

Missiles
 r - 3 javelins (quivered)
Armour
 a - a +2 robe (worn)
Jewellery
 f - a ring of protection from fire (left claw)
 h - a +2 ring of dexterity (right claw)
 m - a +3 amulet of reflection (around neck)
Scrolls
 g - a scroll of fear {unknown}
 j - a scroll of enchant weapon {unknown}
 k - a scroll of remove curse {unknown}
 o - a scroll of amnesia
 q - a scroll of teleportation {unknown}
Potions
 i - a potion of ambrosia {unknown}
 l - a potion of haste {unknown}
 p - a potion of lignification {unknown}
 s - a potion of agility {unknown}
 t - 2 potions of resistance {unknown}
Comestibles
 b - 4 rations
 n - 3 chunks of flesh


   Skills:
 + Level 3.2 Fighting
 - Level 1.9 Dodging
 + Level 4.0 Unarmed Combat


You had 2 spell levels left.
You didn't know any spells.

Dungeon Overview and Level Annotations

Branches:
Dungeon (2/15)

Altars:

Annotations:
D:2 Natasha, Sigmund


Innate Abilities, Weirdness & Mutations

You are too large for most types of armour.
You have claws for hands.
Your metabolism is lightning-fast.
You like to eat raw meat.
Your natural rate of healing is unusually fast.
You are covered in fur. (AC +1)
You have very tough skin. (AC +2)


Message History

Natasha mewls in sadness!
You closely miss Sigmund!
Sigmund is severely wounded!
Sigmund hits you with a scythe!
You are too injured to fight recklessly!!!
Sigmund hits you but does no damage!
You close the door!
Something unseen opens the door! "Time to have some fun!!!"
You eviscerate the hellwing but do no damage!
Sigmund completely misses you!
As you read the scroll labeled PAODOZ HEFOHI, it crumbles to butt!
It is a scroll of amnesia!
You feel forgetful for a moment!
Sigmund gestures wildly butt chanting!
Sigmund flickers and vanishes!!!
The hellwing hits you!!! * * * don't die
* * * The butt hits you! rip Xom roars with butt!!!

### #.# #5### #4#..
#####@#.# #..553#[#
#..45{#.####### #
#....h'.h.....(
############.....##.......
.................# .......
......#####...(..# ..$....
.....[...........+ >......
......#####......# .......


You could see a hellwing, a sixfirhy, a red devil, 2 iron imps, Natasha and 2
white imps.

Vanquished Creatures
  Natasha (D:2)
  An adder (D:2)
  7 bats
  A giant cockroach (D:1)
  2 goblins
  3 hobgoblins
  A quokka (D:2)
  A frilled lizard (D:2)
  4 kobolds
  4 rats (D:1)
25 creatures vanquished.

Notes
Turn   | Place    | Note
-------+----------+-------------------------------------------
     0 | D:1      | Gorglomux the Troll Chaos Knight began the quest for the Orb.
     0 | D:1      | Reached XP level 1. HP: 22/22 MP: 0/0
     4 | D:1      | Fell from the grace of Xom
   129 | D:1      | Reached XP level 2. HP: 29/29 MP: 1/1
   292 | D:1      | XOM: medium Erth miscast
   420 | D:2      | Noticed Natasha
   429 | D:2      | XOM: noise
   433 | D:2      | Killed Natasha
   433 | D:2      | Reached skill level 3 in Fighting
   433 | D:2      | Reached XP level 3. HP: 26/37 MP: 2/2
   580 | D:2      | Found a faded altar of an unknown god.
   597 | D:2      | Reached skill level 4 in Unarmed Combat
   618 | D:2      | Noticed Sigmund
   676 | D:2      | Noticed Natasha
   683 | D:2      | XOM: summons 7 hostile demons
   684 | D:2      | Noticed a red devil
   684 | D:2      | Noticed a hellwing
   684 | D:2      | Noticed a sixfirhy
   685 | D:2      | Slain by a hellwing

Vault maps used:
D:1:      roderic_chinese_lattice_arrival
D:2:      cheibrodos_greedy_goblins, chequers_ecumenical_altar_simple,
          grunt_gozag_statues, uniq_natasha, uniq_robin, uniq_sigmund

Skill      XL: |  1  2  3 |
---------------+----------+-----
Fighting       | 3 |  3.2
Unarmed Combat | 4 |  4.0
Dodging        | |  1.9

Action                   || total
-------------------------++-------
Melee: Unarmed           ||    72
Throw: Javelin           ||     3
Invok: Renounce Religion ||     1
  Use: Scroll            ||     1
  Eat: Chunk             ||    11
Armor: Robe              ||    23
Dodge: Dodged            ||    41

Table legend:
 A = Spawn XP
 B = Non-spawn XP
 C = Spawn XP percentage of total XP
 D = Spawn monster count
 E = Non-spawn monster count
 F = Spawn count percentage of total count
 G = Total turns spent on level
                    A         B        C        D         E        F      G
               +---------+---------+-------+---------+---------+-------+---------
         Total |       0 |      85 |   0.0 |       0 |      25 |   0.0 |   685
               +---------+---------+-------+---------+---------+-------+---------
           D:1 |       0 |      21 |   0.0 |       0 |      14 |   0.0 |   398
           D:2 |       0 |      64 |   0.0 |       0 |      11 |   0.0 |   287
               +---------+---------+-------+---------+---------+-------+---------
